 Dungeon Crawl Stone Soup version 0.30-a0-610-gb513c0a51f (webtiles) character file.

Game seed: 10957594462848272561

8718 M4edhros the Covert (level 11, -2/106 HPs)
             Began as an Octopode Artificer on Jan 8, 2023.
             Was a Believer of Cheibriados.
             Slain by a thrashing horror (11 damage)
             ... on level 2 of the Abyss.
             The game lasted 00:34:30 (5108 turns).

M4edhros the Covert (Octopode Artificer)            Turns: 5108, Time: 00:34:31

Health: -2/106     AC: 36    Str: 24    XL:     11   Next: 35%
Magic:  11/11      EV:  2    Int: 17    God:    Cheibriados [**....]
Gold:   600        SH:  0    Dex: 37    Spells: 6/10 levels left

rFire   . . .      SeeInvis .    s - +4 halberd (protect)
rCold   . . .      Faith    .    (shield currently unavailable)
rNeg    . . .      Spirit   .    (helmet currently unavailable)
rPois   +          Reflect  .    m - amulet of magic regeneration
rElec   .          Harm     .    q - +6 ring of dexterity
rCorr   .          Rampage  .    y - ring of willpower
Will    +....      NoTele   +    D - +6 ring of dexterity
Stlth   ++++++                   F - +6 ring of strength
HPRegen 0.37/turn                K - ring "Asop" {AC+4 Str+2 Dex+4}
MPRegen 0.52/turn                (no ring)
                                 (no ring)
                                 (no ring)

@: tree-form, under a protective aura, very slow
A: stationary, stasis, torment immunity, boosted hp, almost no armour,
(amphibious), 8 rings, (camouflage 1), (gelatinous body 1), (nimble swimmer 1),
(tentacles)
a: Renounce Religion, Bend Time


You were on level 2 of the Abyss.
You worshipped Cheibriados.
Cheibriados was pleased with you.
You were a tree.
You visited 2 branches of the dungeon, and saw 12 of its levels.
You visited the Abyss 1 time.
You also visited: Sewer.

You collected 600 gold pieces.

Inventory:

Hand Weapons
 s - a +4 halberd of protection (weapon)
Missiles
 j - 17 poisoned darts (quivered)
 n - 3 throwing nets
 r - 6 boomerangs of dispersal
Jewellery
 m - an amulet of magic regeneration (around neck)
 q - a +6 ring of dexterity (left branch)
 y - a ring of willpower (right branch)
 D - a +6 ring of dexterity (on tentacle)
 F - a +6 ring of strength (on tentacle)
 K - the ring "Asop" (on tentacle) {AC+4 Str+2 Dex+4}
   (You acquired it on level 11 of the Dungeon)

   [ring of protection]

   AC:        It affects your AC (+4).
   Str:       It affects your strength (+2).
   Dex:       It affects your dexterity (+4).
Wands
 a - a wand of mindburst (7)
 d - a wand of iceblast (1)
 f - a wand of roots (12)
 k - a wand of polymorph (1)
 o - a wand of charming (1)
Scrolls
 h - 2 scrolls of teleportation
 i - 3 scrolls of fog
 p - 4 scrolls of vulnerability
 w - a scroll of fear
 x - a scroll of amnesia
 B - 2 scrolls of brand weapon
 G - 2 scrolls of enchant armour
 H - a scroll of poison
Potions
 b - 3 potions of ambrosia
 c - a potion of curing
 e - a potion of resistance
 u - a potion of haste
 v - a potion of berserk rage
 z - 2 potions of mutation
 C - 3 potions of magic
 I - a potion of brilliance
 J - 2 potions of might


   Skills:
 - Level 5.0 Fighting
 * Level 7.8 Polearms
 * Level 8.6 Dodging
 + Level 9.3 Stealth
 - Level 4.5 Unarmed Combat
 * Level 5.5 Transmutations
 * Level 5.5 Earth Magic
 - Level 5.6 Evocations


You had 6 spell levels left.
You knew the following spells:

 Your Spells              Type           Power      Damage    Failure   Level
a - Petrify               Tmut/Erth      18%        N/A       24%         4

Your spell library contained the following spells:

 Spells                   Type           Power      Damage    Failure   Level
 Sublimation of Blood     Necr           0%         N/A       34%         2
 Portal Projectile        Hex/Tloc       0%         N/A       56%         3
 Tukima's Dance           Hex            0%         N/A       56%         3
 Blade Hands              Tmut           9%         N/A       56%         5
 Irradiate                Conj/Tmut      4%         3d13      91%         5
 Olgreb's Toxic Radiance  Pois           0%         N/A       93%         4
 Ozocubu's Refrigeration  Ice            0%         4d7       100%        7
 Ignition                 Fire           0%         3d3       100%        8


Dungeon Overview and Level Annotations

Branches:
Dungeon (11/15)            Temple (1/1) D:6            Lair (0/5) D:11
  Sewer (visited)
    Orc: D:9-12

Altars:
Ashenzari
Cheibriados
Dithmenos
Elyvilon
Fedhas
Gozag
Hepliaklqana
Kikubaaqudgha
Makhleb
Ru
Sif Muna
Trog
Uskayaw
Wu Jian
Xom
Yredelemnul
Zin
The Shining One

Shops:
D:7 *

Annotations:
D:10 Sonja
D:11 2 transporters, Urug; wpisznazwe's ghost, journeyman TeSu


Innate Abilities, Weirdness & Mutations

You are a tree.
Your roots penetrate the ground, keeping you stationary.
You cannot be teleported.
You are immune to unholy pain and torment.
Your maximum health is greatly increased.
You cannot wear most types of armour.
((You are amphibious.))
You can wear up to eight rings at the same time.
((Your skin changes colour to match your surroundings (Stealth+).))
((Your rubbery body absorbs attacks. (AC +1, EV +1)))
((You are camouflaged when in or above water. (Stealth+)))
((You have tentacles for arms and can constrict up to eight enemies at once.))


Message History

Really quaff the potion of lignification?
You turn into a tree.
Your roots penetrate the ground.
You feel strangely stable.
The thrashing horror tramples you but does no damage.
The thrashing horror barely misses you.
The thrashing horror tramples you but does no damage. x2
You feel better. The thrashing horror tramples you.
* * * LOW HITPOINT WARNING * * *
The thrashing horror tramples you but does no damage.
The thrashing horror tramples you.
* * * LOW HITPOINT WARNING * * *
The thrashing horror tramples you but does no damage. x3
Reach: s) +4 halberd (protect)
Press: ? - help, Dir - move target, f/p - thrashing horror
Aim: a thrashing horror (about 27% to evade your +4 halberd of protection)
You slash the thrashing horror!
Your weapon exudes an aura of protection.
The thrashing horror is lightly damaged.
The thrashing horror tramples you but does no damage. x3
The thrashing horror tramples you.
* * * LOW HITPOINT WARNING * * *
The thrashing horror tramples you.
* * * LOW HITPOINT WARNING * * *
The thrashing horror tramples you but does no damage.
You puncture the thrashing horror!
The thrashing horror is moderately damaged.
The thrashing horror tramples you but does no damage. x3
The thrashing horror tramples you.
* * * LOW HITPOINT WARNING * * *
Reach: s) +4 halberd (protect)
Press: ? - help, Dir - move target, f/p - thrashing horror
Aim: a thrashing horror (moderately damaged, about 27% to evade your +4 halberd of protection)
You reach to attack!
You barely miss the thrashing horror.
The thrashing horror is moderately damaged.
The thrashing horror tramples you but does no damage. x2
The thrashing horror tramples you!
* * * LOW HITPOINT WARNING * * *
The thrashing horror tramples you but does no damage.
The thrashing horror tramples you!
You die...

.##..### ....P.
#..... # #..PPP
#.#..PPPP .#
#.#...P>P ..#
#..XPPPP....
#..♣P.PP.P.
#####...X......
#. .#...P.....#
#...#....#.#
##.#.#..#..# #.
..#...#. ..
#†.#..#....# ..
##._...###. ...
. #.## .#..
.#... .


You could see 2 thrashing horrors.

Vanquished Creatures
  A two-headed ogre (D:7)
  A boulder beetle (D:11)
  A swamp dragon (shapeshifter) (Abyss:2)
  An orange demon (Abyss:2)
  Psyche (D:8)
  A hornet (D:8)
  Prince Ribbit (D:6)
  2 raiju (Abyss:2)
  Sigmund (D:2)
  A wraith (Abyss:2)
  Eustachio (D:4)
  A steam dragon (D:6)
  12 yaks
  A neqoxec (Abyss:2)
  Menkaure (D:6)
  A water moccasin (D:8)
  Pargi (Sewer)
  3 ice beasts (D:6)
  2 sky beasts (D:7)
  3 black bears
  A hornet zombie (D:8)
  3 ogres
  3 centaurs
  A phantom (D:4)
  A kobold brigand (D:7)
  Blork the orc (D:6)
  3 bullfrogs (D:6)
  4 necrophages
  A gnoll sergeant (D:8)
  A wight (D:8)
  2 small abominations (Abyss:2)
  3 howler monkeys (D:7)
  4 centaur zombies (D:8)
  2 jellies
  3 hounds
  2 orc priests
  A human zombie (D:8)
  3 iguanas
  Jessica (D:3)
  4 orc wizards
  A killer bee zombie (D:8)
  2 howler monkey zombies (D:8)
  17 gnolls
  6 adders
  3 white imps
  2 ufetubi
  2 worms
  12 orcs
  6 ball pythons
  8 bats
  5 endoplasms
  4 giant cockroaches
  9 goblins
  8 hobgoblins
  5 jackals
  4 quokkas
  A frilled lizard (D:1)
  13 kobolds
  4 rats
193 creatures vanquished.

Vanquished Creatures (collateral kills)
  The ghost of Decipherer the Basher, a novice MiBe of Trog (D:7)
  A large abomination (Abyss:2)
  A phantom (D:4)
  An orc wizard (D:7)
  2 orcs (D:7)
  2 endoplasms (D:4)
  2 jackals (D:4)
10 creatures vanquished.

Vanquished Creatures (others)
  An orc priest (D:7)
  An iguana (D:4)
  A demonic plant (Abyss:2)
  3 plants (D:8)
6 creatures vanquished.

Grand Total: 209 creatures vanquished

Notes
Turn   | Place    | Note
-------+----------+-------------------------------------------
     0 | D:1      | M4edhros the Octopode Artificer began the quest for the
                  | Orb.
     0 | D:1      | Reached XP level 1. HP: 13/13 MP: 1/1
   197 | D:2      | Noticed Sigmund
   214 | D:2      | Killed Sigmund
   215 | D:2      | Reached skill level 3 in Stealth
   215 | D:2      | Reached XP level 2. HP: 19/19 MP: 2/2
   215 | D:2      | Reached XP level 3. HP: 24/24 MP: 3/3
   215 | D:2      | Reached XP level 4. HP: 29/29 MP: 4/4
   215 | D:2      | Reached XP level 5. HP: 34/34 MP: 5/5
   250 | D:4      | Noticed Eustachio
   272 | D:4      | Killed Eustachio
   273 | D:4      | Reached XP level 6. HP: 28/41 MP: 6/6
   298 | D:4      | Noticed a black bear
   322 | D:4      | Reached skill level 4 in Stealth
   332 | D:4      | Killed a black bear
   333 | D:4      | Reached XP level 7. HP: 24/45 MP: 7/7
   403 | D:4      | You fall into a shaft and drop 3 floors!
   403 | D:7      | Found Kawurik's Assorted Antiques.
   674 | D:7      | Found a runed translucent door.
   674 | D:7      | Noticed Decipherer's ghost (novice MiBe)
   674 | D:7      | Noticed Maggie
   677 | D:7      | Maggie changed into Maggie the ogre
   677 | D:7      | Noticed Maggie
   687 | D:7      | Killed Maggie the ogre
   692 | D:7      | Noticed a two-headed ogre
   709 | D:7      | Reached skill level 5 in Stealth
   726 | D:7      | Killed Decipherer's ghost
   727 | D:7      | Reached skill level 5 in Evocations
   727 | D:7      | Reached XP level 8. HP: 13/54 MP: 8/8
   728 | D:7      | Killed a two-headed ogre
   729 | D:7      | Reached skill level 6 in Stealth
   776 | D:6      | Noticed Menkaure
   777 | D:6      | Noticed Prince Ribbit
   954 | D:6      | Reached skill level 5 in Dodging
   954 | D:6      | Killed Menkaure
   956 | D:6      | Reached XP level 9. HP: 31/59 MP: 9/9
  1000 | D:5      | Entered Level 5 of the Dungeon
  1051 | D:4      | Found a hide-covered altar of Uskayaw.
  1183 | D:5      | Reached skill level 7 in Stealth
  1271 | D:5      | Found a glowing drain.
  1278 | Sewer    | Entered a sewer
  1304 | Sewer    | Noticed Pargi
  1312 | Sewer    | Killed Pargi
  1313 | Sewer    | Reached skill level 5 in Polearms
  1474 | D:4      | Reached skill level 5 in Fighting
  1655 | D:4      | Learned a level 4 spell: Petrify
  2080 | D:6      | Killed Prince Ribbit
  2081 | D:6      | Reached skill level 1 in Transmutations
  2081 | D:6      | Reached skill level 1 in Earth Magic
  2376 | D:6      | Reached XP level 10. HP: 66/66 MP: 10/10
  2413 | D:6      | Noticed Blork the orc
  2427 | D:6      | Killed Blork the orc
  2503 | D:6      | Found a staircase to the Ecumenical Temple.
  2510 | Temple   | Entered the Ecumenical Temple
  2751 | D:3      | Noticed Jessica
  2754 | D:3      | Killed Jessica
  3430 | D:1      | Reached skill level 8 in Stealth
  3919 | D:8      | Found a snail-covered altar of Cheibriados.
  3919 | D:8      | Found a glowing silver altar of Zin.
  3919 | D:8      | Found a glowing golden altar of the Shining One.
  3923 | D:8      | Found an ornate altar of the Wu Jian Council.
  3924 | D:8      | Became a worshipper of Cheibriados the Contemplative
  3988 | D:8      | Found a hazy altar of Hepliaklqana.
  4015 | D:8      | Paralysed by a hornet for 2 turns
  4329 | D:8      | Reached * piety under Cheibriados
  4344 | D:8      | Found an ancient bone altar of Kikubaaqudgha.
  4439 | D:8      | Found a burning altar of Makhleb.
  4439 | D:8      | Found a shadowy altar of Dithmenos.
  4439 | D:8      | Found a bloodstained altar of Trog.
  4501 | D:8      | Noticed Psyche
  4505 | D:8      | Killed Psyche
  4511 | D:8      | You fall into a shaft and drop 3 floors!
  4512 | D:11     | Identified a scroll of acquirement
  4513 | D:11     | Acquired the ring "Asop" {AC+4 Str+2 Dex+4}
  4561 | D:11     | Noticed Urug
  4565 | D:11     | Found a staircase to the Lair.
  4600 | D:11     | Noticed a tengu warrior
  4610 | D:11     | Found a bloodstained altar of Trog.
  4610 | D:11     | Noticed wpisznazwe's ghost (journeyman TeSu)
  4614 | D:11     | Found a transporter.
  4617 | D:11     | Noticed a two-headed ogre
  4618 | D:11     | Found a transporter.
  4630 | D:11     | Noticed a boulder beetle
  4632 | D:11     | Noticed a moth of wrath
  4646 | D:11     | Killed a boulder beetle
  4647 | D:11     | Reached XP level 11. HP: 56/71 MP: 11/11
  4684 | D:11     | Reached skill level 9 in Stealth
  4684 | D:11     | Reached skill level 5 in Transmutations
  4684 | D:11     | Reached skill level 5 in Earth Magic
  4738 | D:10     | Entered Level 10 of the Dungeon
  4757 | D:10     | Noticed Sonja
  4759 | Abyss:1  | Cast into level 1 of the Abyss (Sonja)
  4805 | Abyss:1  | Found a corrupted altar of Lugonu.
  4805 | Abyss:1  | Noticed a thrashing horror
  4841 | Abyss:1  | Noticed a fire crab
  4889 | Abyss:2  | Found a corrupted altar of Lugonu.
  4903 | Abyss:2  | Noticed a thrashing horror
  4938 | Abyss:2  | Noticed a thrashing horror
  4938 | Abyss:2  | Noticed a thrashing horror
  4939 | Abyss:2  | Noticed a bone dragon
  4954 | Abyss:2  | Noticed a rakshasa
  4959 | Abyss:2  | Noticed a wretched star
  4999 | Abyss:2  | Reached ** piety under Cheibriados
  5028 | Abyss:2  | Noticed a salamander
  5030 | Abyss:2  | a salamander changed into a cyclops
  5030 | Abyss:2  | Noticed a cyclops (shapeshifter)
  5044 | Abyss:2  | Killed a swamp dragon
  5051 | Abyss:2  | Noticed a tentacled starspawn
  5056 | Abyss:2  | Noticed a thrashing horror
  5057 | Abyss:2  | Noticed a thrashing horror
  5068 | Abyss:2  | Noticed a thrashing horror
  5082 | Abyss:2  | Found a corrupted altar of Lugonu.
  5099 | Abyss:2  | Noticed a thrashing horror
  5100 | Abyss:2  | Noticed a thrashing horror
  5108 | Abyss:2  | Slain by a thrashing horror

Illustrated notes

Levels and vault maps discovered:
D:1:      grunt_arrival_crossed_arrows, layout_basic
D:2:      layout_basic, uniq_sigmund
D:3:      layout_loops_ring, uniq_jessica
D:4:      layout_rooms, nicolae_uskayaw_murder_on_the_dancefloor, uniq_eustachio
D:5:      layout_basic, gup_sewer_entry_pipe
D:6:      layout_rooms, minmay_temple_entry_overgrown, uniq_blork_the_orc,
          uniq_prince_ribbit1, uniq_menkaure
D:7:      layout_loops_corners, hellmonk_ghost_happy_afterlife, serial_shops,
          shop, uniq_maggie
D:8:      layout_loops_ring, nicolae_hepliaklqana_hazy_memory,
          lemuel_mausoleum_altar_kikubaaqudgha,
          nicolae_overflow_hallway_of_the_gods, serial_shops, kennysheep_mini,
          uniq_psyche
D:9:      layout_basic, nicolae_qazlal_style_of_elements, zombieorc1_lemuel,
          lightli_orcish_oven
D:10:     layout_loops_ring, uniq_sonja
D:11:     layout_basic, lair_entry_dummy, gammafunk_ghost_wrathful_warriors,
          minivault_11, uniq_urug
Temple:   hellmonk_temple_rainy
Abyss:2:  base: D:1, spicy_abyss_helpful_harpoons, evilmike_abyss_exit_plants

Skill      XL: |  1  2  3  4  5  6  7  8  9 10 11 |
---------------+----------------------------------+-----
Fighting       | 2 4 5 |  5.0
Dodging        | 3 4 5 6 8 |  8.6
Stealth        | 3 4 5 6 7 8 9 |  9.3
Unarmed Combat | 2 3 4 |  4.5
Evocations     | 4 5 |  5.6
Polearms       | 3 4 5 7 |  7.8
Transmutations | 2 4 5 |  5.5
Earth Magic    | 2 4 5 |  5.5

Action                   |  1- 3 |  4- 6 |  7- 9 | 10-12 || total
-------------------------+-------+-------+-------+-------++-------
Melee: Unarmed           |    18 |    14 |    47 |       ||    79
       Constrict         |     4 |     3 |    37 |    29 ||    73
       Tentacles         |     2 |     2 |    28 |    55 ||    87
       Punch             |       |       |     3 |    11 ||    14
       Halberd           |       |       |   151 |   227 ||   378
Throw: Dart              |       |       |       |    17 ||    17
Evoke: Wand              |     3 |    12 |    24 |    10 ||    49
  Use: Potion            |       |     1 |     5 |     5 ||    11
       Scroll            |       |       |     6 |    15 ||    21
 Stab: Sleeping          |     2 |       |    21 |    28 ||    51
       Distracted        |       |       |       |     3 ||     3
       Betrayed ally     |       |       |       |     1 ||     1
Armor: Skin              |       |     1 |    39 |    49 ||    89
Dodge: Dodged            |     9 |     9 |   168 |   175 ||   361

Table legend: (Time is in decaauts)
 A = Elapsed time spent in this place.
 B = Non-inter-level travel time spent in this place.
 C = Inter-level travel time spent in this place.
 D = Time resting spent in this place.
 E = Time spent auto-exploring this place.
 F = Levels seen in this place.
 G = Mean time per level.
                   A        B        C        D        E       F      G
               +--------+--------+--------+--------+--------+-----+--------+
         Total |   5516 |   4926 |    590 |     30 |    720 |  15 |  367.7 |
       Dungeon |   4938 |   4358 |    580 |     30 |    710 |  11 |  448.9 |
        Temple |     23 |     13 |     10 |      0 |      0 |   1 |   23.0 |
         Abyss |    480 |    480 |      0 |      0 |      0 |   2 |  240.0 |
         Sewer |     74 |     74 |      0 |      0 |     10 |   1 |   74.0 |
               +--------+--------+--------+--------+--------+-----+--------+

Top non-repeatable levels by time:
     D:8: 774 daAuts
     D:7: 728 daAuts
     D:4: 723 daAuts
     D:6: 530 daAuts
     D:2: 516 daAuts
     D:5: 512 daAuts
     D:1: 470 daAuts
     D:3: 361 daAuts
 Abyss:2: 347 daAuts
    D:11: 291 daAuts
 Abyss:1: 133 daAuts
   Sewer: 74 daAuts
    D:10: 28 daAuts
  Temple: 23 daAuts
     D:9: 1 daAuts
